 Dungeon Crawl Stone Soup version 0.29-a0-559-g359e09b9d1 (webtiles) character file.

Game seed: 14015171715655678873

442 lesaewzxc the Nimble (level 6, -1/28 HPs)
             Began as a Spriggan Earth Elementalist on June 2, 2022.
             Was an Initiate of Fedhas.
             Killed from afar by an orc wizard (3 damage)
             ... with a magic dart
             ... on level 5 of the Dungeon on June 9, 2022.
             The game lasted 00:28:50 (2189 turns).

lesaewzxc the Nimble (Spriggan Earth Elementalist)  Turns: 2189, Time: 00:28:50

Health: -1/28      AC:  2    Str:  4    XL:     6   Next: 71%
Magic:  19/19      EV: 23    Int: 18    God:    Fedhas [......]
Gold:   233        SH:  0    Dex: 16    Spells: 17/23 levels left

rFire   . . .      SeeInvis +   f - staff of earth
rCold   . . .      Faith    .   (shield currently unavailable)
rNeg    . . .      Spirit   .   b - +0 robe
rPois   .          Reflect  .   (helmet restricted)
rElec   .          Harm     .   (no cloak)
rCorr   .          Rampage  .   (gloves unavailable)
Will    +....                   (boots unavailable)
Stlth   ++++......              (no amulet)
HPRegen 0.09/turn               (no ring)
MPRegen 0.16/turn               (no ring)

@: flying, very quick
A: very small, no large weapons, unfitting armour, see invisible, speed 3
a: Renounce Religion


You were on level 5 of the Dungeon.
You worshipped Fedhas.
Fedhas was noncommittal.
You visited 2 branches of the dungeon, and saw 6 of its levels.

You collected 233 gold pieces.

Inventory:

Missiles
 a - 73 stones
Armour
 b - a +0 robe (worn)
Magical Staves
 f - a staff of earth (weapon)
Jewellery
 h - an amulet of guardian spirit
Scrolls
 d - a scroll of enchant weapon {unknown}
 g - 2 scrolls of teleportation
 j - 3 scrolls of identify
 l - a scroll of vulnerability {unknown}
Potions
 c - a potion of magic
 i - 3 potions of lignification
 k - a potion of ambrosia {unknown}


   Skills:
 * Level 10.2 Dodging
 + Level 7.1 Stealth
 + Level 9.2 Spellcasting
 + Level 5.2 Transmutations
 + Level 7.2 Earth Magic


You had 17 spell levels left.
You knew the following spells:

 Your Spells              Type           Power      Damage    Failure   Level
a - Sandblast             Erth           100%       2d20      1%          1
b - Passwall              Tmut/Erth      38%        N/A       1%          2
c - Stone Arrow           Conj/Erth      64%        3d11      6%          3

Your spell library contained the following spells:

 Spells                   Type           Power      Damage    Failure   Level
 Petrify                  Tmut/Erth      46%        N/A       7%          4
 Gell's Gravitas          Tloc           8%         N/A       26%         3
 Teleport Other           Tloc           8%         N/A       26%         3
 Dispersal                Tloc           4%         N/A       100%        6


Dungeon Overview and Level Annotations

Branches:
Dungeon (5/15)             Temple (1/1) D:5

Altars:
Ashenzari
Cheibriados
Dithmenos
Elyvilon
Fedhas
Gozag
Hepliaklqana
Kikubaaqudgha
Makhleb
Nemelex Xobeh
Okawaru
Ru
Sif Muna
Trog
Uskayaw
Vehumet
Wu Jian
Xom
Yredelemnul
Zin
The Shining One

Shops:
D:4 (


Innate Abilities, Weirdness & Mutations

You are very small and have problems with some larger weapons.
You are too small for most types of armour.
You have supernaturally acute eyesight. (SInv)
You cover ground extremely quickly. (Speed+++)


Message History

Aiming: Mindburst
Press: ? - help, Q - select action, (/) - cycle Shift-Dir - straight line, f - gnoll
Aim: a gnoll, wielding a +0 spear (chance to affect: 72%)
The gnoll's mind is blasted!
You hear a shout!
Aiming: Mindburst
Press: ? - help, Q - select action, (/) - cycle Shift-Dir - straight line, f - orc wizard, p - gnoll
Aim: an orc wizard, wielding a +0 dagger and wearing a +0 robe (chance to affect: 64%)
The orc wizard struggles to resist.
The gnoll completely misses you.
Aiming: Mindburst
Press: ? - help, Q - select action, (/) - cycle Shift-Dir - straight line, f/p - orc wizard
Aim: an orc wizard, wielding a +0 dagger and wearing a +0 robe (chance to affect: 64%)
The orc wizard struggles to resist.
The now-empty wand crumbles to dust.
The gnoll shaman calls upon its god to speed up the gnoll.
The gnoll seems to speed up.
The gnoll hits you from afar with a +0 spear!
* * * LOW HITPOINT WARNING * * *
Unknown command.
An orc comes into view. It is wielding a +0 dagger.
The gnoll hits you with a +0 spear.
* * * LOW HITPOINT WARNING * * *
The gnoll completely misses you. The gnoll completely misses you.
The gnoll hits you from afar with a +0 spear.
* * * LOW HITPOINT WARNING * * *
The gnoll shaman calls upon its god to heal the gnoll.
The gnoll is healed somewhat.
Okay, then.
Okay, then.
Okay, then.
Okay, then.
Really quaff the potion of lignification?
Okay, then.
There are monsters nearby!
Unknown command.
The orc wizard points at you and mumbles some strange words.
The magic dart hits you.
You die...
Fedhas appreciates your contribution to the ecosystem.

######.# ##
#......# #.
#......#
#.#########......#
#.#..........###.#
#.#..........# #.#
#.#..........# #.#
##.#..g.......#
#+##
#..@.g........# ..
#.###o....###.# .#
# #≈≈≈g)≈≈≈≈#.#
#.#≈#..).)#≈#.#
...≈..o....≈..#
#..≈.......≈..#.
#..≈...>...≈....
#..≈.......≈.....
...g....§§.≈..###


You could see a gnoll shaman, an orc wizard and 2 gnolls.

Vanquished Creatures
  An orc wizard (D:5)
  2 iguanas
  5 gnolls
  2 adders
  A shadow imp (D:5)
  A worm (D:2)
  2 dart slugs (D:1)
  10 orcs
  7 ball pythons
  2 endoplasms
  4 goblins
  6 hobgoblins
  3 jackals
  2 kobolds
  4 quokkas
  2 bats (D:2)
  2 rats
56 creatures vanquished.

Vanquished Creatures (collateral kills)
  An ogre (D:4)
  An orc wizard (D:4)
  2 orcs (D:4)
  2 jackals (D:3)
  A ball python (D:4)
  A frilled lizard (D:2)
  A kobold (D:2)
9 creatures vanquished.

Vanquished Creatures (others)
  An adder zombie (D:2)
  2 bat zombies (D:2)
  2 ball python zombies
  An endoplasm zombie (D:4)
  A frilled lizard zombie (D:2)
  A giant cockroach zombie (D:2)
  A goblin zombie (D:2)
  A hobgoblin zombie (D:2)
  A jackal zombie (D:3)
  A kobold zombie (D:2)
12 creatures vanquished.

Grand Total: 77 creatures vanquished

Notes
Turn   | Place    | Note
-------+----------+-------------------------------------------
     0 | D:1      | lesaewzxc the Spriggan Earth Elementalist began the quest
                  | for the Orb.
     0 | D:1      | Reached XP level 1. HP: 9/9 MP: 5/5
   174 | D:1      | Reached skill level 3 in Dodging
   174 | D:1      | Reached XP level 2. HP: 8/13 MP: 0/6
   493 | D:2      | Reached skill level 7 in Dodging
   493 | D:2      | Reached skill level 5 in Earth Magic
   493 | D:2      | Reached XP level 3. HP: 10/16 MP: 5/11
   498 | D:2      | Learned a level 2 spell: Passwall
   502 | D:2      | Learned a level 3 spell: Stone Arrow
   526 | D:2      | Reached XP level 4. HP: 16/21 MP: 1/13
   690 | D:2      | Reached skill level 9 in Dodging
   690 | D:2      | Reached XP level 5. HP: 24/24 MP: 13/17
   813 | D:2      | Found a faded altar of an unknown god.
   832 | D:2      | Prayed at the altar of an unknown god.
   832 | D:2      | Became a worshipper of Yredelemnul the Dark
   832 | D:2      | Reached * piety under Yredelemnul
   842 | D:2      | Reached skill level 5 in Transmutations
  1006 | D:2      | Upgraded the game from 0.29-a0-541-gaf1fc19f1b to
                  | 0.29-a0-553-g81b289dbe5
  1359 | D:4      | Noticed an ice beast
  1461 | D:4      | Noticed an ogre
  1468 | D:4      | Killed an ogre
  1469 | D:4      | Reached skill level 10 in Dodging
  1469 | D:4      | Reached XP level 6. HP: 28/28 MP: 6/19
  1475 | D:4      | Reached ** piety under Yredelemnul
  1542 | D:4      | Found Jaehiu's Antique Weapon Shoppe.
  1596 | D:4      | Upgraded the game from 0.29-a0-553-g81b289dbe5 to
                  | 0.29-a0-555-g3b24f45cc1
  1703 | D:4      | Reached *** piety under Yredelemnul
  1809 | D:5      | Entered Level 5 of the Dungeon
  1916 | D:5      | Found a staircase to the Ecumenical Temple.
  1929 | Temple   | Entered the Ecumenical Temple
  2065 | Temple   | Upgraded the game from 0.29-a0-555-g3b24f45cc1 to
                  | 0.29-a0-559-g359e09b9d1
  2160 | Temple   | Fell from the grace of Yredelemnul
  2160 | Temple   | Became a worshipper of Fedhas Madash
  2189 | D:5      | Killed from afar by an orc wizard

Illustrated notes

Levels and vault maps discovered:
D:1:      wander_arrival_lonely_grave, layout_rooms
D:2:      layout_loops_ring, ebering_ecumenical_altar_mist,
          minmay_split_cup_large
D:3:      layout_basic
D:4:      layout_layer_cave, serial_shops, nicolae_stop_n_shop_1
D:5:      minmay_chambers_of_fours, layout_basic,
          minmay_temple_entry_water_ring, minmay_manual_mares
Temple:   compressed_dpeg_circular_temple

Skill      XL: |  1  2  3  4  5 |
---------------+----------------+-----
Dodging        | 3 7 9 10 | 10.2
Spellcasting   | 6 9 |  9.2
Transmutations | 4 5 |  5.2
Earth Magic    | 5 7 |  7.2
Stealth        | 6 7 |  7.1

Action                   |  1- 3 |  4- 6 || total
-------------------------+-------+-------++-------
Melee: Staff             |       |    17 ||    17
 Cast: Sandblast         |    25 |    45 ||    70
       Stone Arrow       |     1 |     7 ||     8
       Passwall          |       |     4 ||     4
Invok: Recall Undead Har |       |     3 ||     3
Evoke: Wand              |       |     5 ||     5
  Use: Potion            |     4 |     3 ||     7
       Scroll            |     1 |     2 ||     3
Armor: Robe              |     1 |     2 ||     3
Dodge: Dodged            |     5 |    39 ||    44

Table legend: (Time is in decaauts)
 A = Elapsed time spent in this place.
 B = Non-inter-level travel time spent in this place.
 C = Inter-level travel time spent in this place.
 D = Time resting spent in this place.
 E = Time spent auto-exploring this place.
 F = Levels seen in this place.
 G = Mean time per level.
                   A        B        C        D        E       F      G
               +--------+--------+--------+--------+--------+-----+--------+
         Total |   1512 |   1512 |      0 |      0 |    292 |   6 |  252.0 |
       Dungeon |   1365 |   1365 |      0 |      0 |    292 |   5 |  273.0 |
        Temple |    146 |    146 |      0 |      0 |      0 |   1 |  146.0 |
               +--------+--------+--------+--------+--------+-----+--------+

Top non-repeatable levels by time:
     D:2: 613 daAuts
     D:4: 338 daAuts
     D:1: 247 daAuts
  Temple: 146 daAuts
     D:5: 91 daAuts
     D:3: 75 daAuts
